HSSL
OLIVER AMES HS TIGERS @ JOHN JAY HS PATRIOTS
04/07/2023
 
TOP OF THE 1ST
Oliver Ames HS Tigers batting - Pitching for John Jay HS Patriots : RHP Rafael Zarate
Pitching: RHP Rafael Zarate
Batting: RHB Donovan James 0-0: Called Strike
0-1: Called Strike
0-2: Strikes out swinging
Batting: RHB Jimmy King 0-0: Swinging Strike
0-1: Fly out, F9 (Flyball, 9M)
Batting: RHB Denver Baker 0-0: Ball
1-0: Ground out 5-3 (Groundball, 56)
Top of the 1st over - 0 run(s), 0 hit(s), 0 error(s), 0 left on base; Oliver Ames HS 0 - John Jay HS 0
BOTTOM OF THE 1ST
John Jay HS Patriots batting - Pitching for Oliver Ames HS Tigers : RHP Joe Bell
Pitching: RHP Joe Bell
Batting: RHB Larry Whitaker 0-0: Reached on error, E5 (Groundball, 5)
Batting: RHB Fernando Pérez 0-0: Ball
1-0: Fly out, F9 (Flyball, 9LM)
Batting: RHB Micheal Banks 0-0: Fly out, F3 (Line Drive, 3)
Batting: SHB Barrett Bowden 0-0: Called Strike
Larry Whitaker is caught stealing 2nd base
Bottom of the 1st over - 0 run(s), 0 hit(s), 1 error(s), 0 left on base; Oliver Ames HS 0 - John Jay HS 0
TOP OF THE 2ND
Oliver Ames HS Tigers batting - Pitching for John Jay HS Patriots : RHP Rafael Zarate
Batting: SHB Rick Turner 0-0: Ball
1-0: Ball
2-0: Ball
3-0: Base on Balls
Batting: LHB Eugene Lee 0-0: Foul Ball, location: 2F
0-1: Ball
1-1: Ball
2-1: SINGLE (Groundball, 4MD)
Rick Turner to second
Batting: RHB James Hunter 0-0: Fly out, F9 (Popup, 89S)
Batting: RHB Jon Anderson 0-0: Ball
1-0: Ball
2-0: Swinging Strike
2-1: Called Strike
2-2: Fielders Choice at 2nd, 5-4 (Groundball, 56)
Rick Turner to third
Batting: RHB Adrián López 0-0: Foul Ball, location: 2F
0-1: Fly out, F8 (Flyball, 8LS)
Top of the 2nd over - 0 run(s), 1 hit(s), 0 error(s), 2 left on base; Oliver Ames HS 0 - John Jay HS 0
BOTTOM OF THE 2ND
John Jay HS Patriots batting - Pitching for Oliver Ames HS Tigers : RHP Joe Bell
Batting: SHB Barrett Bowden 0-0: Ball
1-0: DOUBLE (Line Drive, 9LS)
Batting: RHB John Lynch 0-0: Called Strike
0-1: Ball
1-1: Foul Ball, location: 2F
1-2: Strikes out looking
Batting: SHB Theodore Cook 0-0: Ball
1-0: Ball
2-0: Foul Ball, location: 2F
2-1: Called Strike
2-2: Ball
3-2: Base on Balls
Batting: RHB Henry Catron 0-0: Ball
1-0: Ball
2-0: Swinging Strike
2-1: Foul Ball, location: 2F
2-2: Strikes out looking
Batting: LHB Tim Griffith 0-0: Ball
1-0: Swinging Strike
1-1: Swinging Strike
1-2: Ball
2-2: Foul Ball, location: 2F
2-2: Ball
3-2: Foul Ball, location: 2F
3-2: Base on Balls
Barrett Bowden to third
Theodore Cook to second
Batting: RHB Carlos Salas 0-0: Foul Ball, location: 2F
0-1: Foul Ball, location: 2F
0-2: Fly out, F9 (Flyball, 89M)
Bottom of the 2nd over - 0 run(s), 1 hit(s), 0 error(s), 3 left on base; Oliver Ames HS 0 - John Jay HS 0
TOP OF THE 3RD
Oliver Ames HS Tigers batting - Pitching for John Jay HS Patriots : RHP Rafael Zarate
Batting: RHB Rob Brady 0-0: Foul Ball, location: 2F
0-1: Ball
1-1: Ball
2-1: Ball
3-1: Base on Balls
Batting: RHB Donovan James 0-0: Ball
1-0: Foul Ball, location: 2F
1-1: Ball
2-1: Foul Ball, location: 2F
2-2: Strikes out swinging
Batting: RHB Jimmy King 0-0: Swinging Strike
0-1: Reached on error, E5 (Groundball, 56S)
Rob Brady to third
Batting: RHB Denver Baker 0-0: Ball
1-0: Foul Ball, location: 2F
1-1: Ball
2-1: Called Strike
2-2: Foul Ball, location: 2F
2-2: Foul Ball, location: 2F
2-2: SINGLE (Flyball, 78S)
Rob Brady scores
Jimmy King to third
Runner from 3rd tries for Home, throw and OUT!
Denver Baker to second
Batting: SHB Rick Turner 0-0: Ball
1-0: Called Strike
1-1: Foul Ball, location: 2F
1-2: Strikes out looking
Top of the 3rd over - 1 run(s), 1 hit(s), 1 error(s), 1 left on base; Oliver Ames HS 1 - John Jay HS 0
BOTTOM OF THE 3RD
John Jay HS Patriots batting - Pitching for Oliver Ames HS Tigers : RHP Joe Bell
Batting: RHB Larry Whitaker 0-0: Ball
1-0: Ball
2-0: Foul Ball, location: 2F
2-1: Foul Ball, location: 2F
2-2: Foul Ball, location: 2F
2-2: Foul Ball, location: 2F
2-2: Ball
3-2: Strikes out swinging
Batting: RHB Fernando Pérez 0-0: Called Strike
0-1: Called Strike
0-2: Fly out, F6 (Popup, 6)
Batting: RHB Micheal Banks 0-0: Ball
1-0: Swinging Strike
1-1: Foul Ball, location: 2F
1-2: Fly out, F8 (Flyball, 8RM)
Bottom of the 3rd over - 0 run(s), 0 hit(s), 0 error(s), 0 left on base; Oliver Ames HS 1 - John Jay HS 0
TOP OF THE 4TH
Oliver Ames HS Tigers batting - Pitching for John Jay HS Patriots : RHP Rafael Zarate
Batting: LHB Eugene Lee 0-0: DOUBLE (Line Drive, 9LM)
Batting: RHB James Hunter 0-0: Ball
1-0: Foul Ball, location: 2F
1-1: Ball
2-1: Foul Ball, location: 2F
2-2: Ground out 6-3 (Groundball, 6M)
Eugene Lee to third
Batting: RHB Jon Anderson 0-0: Ball
1-0: Ball
2-0: Called Strike
2-1: Called Strike
2-2: Ball
3-2: Base on Balls
Batting: RHB Adrián López 0-0: Ball
1-0: Ball
2-0: Called Strike
2-1: Foul Ball, location: 2F
2-2: Foul Ball, location: 2F
2-2: Foul Ball, location: 2F
2-2: Foul Ball, location: 2F
2-2: Foul Ball, location: 2F
2-2: Foul Ball, location: 2F
2-2: Ball
3-2: Base on Balls
Jon Anderson to second
Batting: RHB Rob Brady 0-0: Called Strike
0-1: Foul Ball, location: 2F
0-2: Ball
1-2: Ball
2-2: Fly out, F9 (Flyball, 89M)
Runner from 3rd tags up, SCORES, no throw
Batting: RHB Donovan James 0-0: Ball
1-0: Called Strike
1-1: Swinging Strike
1-2: Strikes out swinging
Top of the 4th over - 1 run(s), 1 hit(s), 0 error(s), 2 left on base; Oliver Ames HS 2 - John Jay HS 0
BOTTOM OF THE 4TH
John Jay HS Patriots batting - Pitching for Oliver Ames HS Tigers : RHP Joe Bell
Batting: SHB Barrett Bowden 0-0: Ball
1-0: Ball
2-0: SINGLE (Line Drive, 9S)
Batting: RHB John Lynch 0-0: Swinging Strike
0-1: Ball
1-1: Ball
2-1: Foul Ball, location: 2F
2-2: Ball
3-2: Foul Ball, location: 2F
3-2: Foul Ball, location: 2F
3-2: Ground out 6-3 (Groundball, 6)
Barrett Bowden to second
Batting: SHB Theodore Cook 0-0: Ball
1-0: Fly out, F6 (Popup, 7S)
Batting: RHB Henry Catron 0-0: Foul Ball, location: 2F
0-1: Called Strike
0-2: Strikes out swinging
Bottom of the 4th over - 0 run(s), 1 hit(s), 0 error(s), 1 left on base; Oliver Ames HS 2 - John Jay HS 0
TOP OF THE 5TH
Oliver Ames HS Tigers batting - Pitching for John Jay HS Patriots : RHP Rafael Zarate
Batting: RHB Jimmy King 0-0: Swinging Strike
0-1: Ball
1-1: Foul Ball, location: 2F
1-2: Fly out, F4 (Line Drive, 4)
Pitching: RHP Dusty Smith
Batting: RHB Denver Baker 0-0: Called Strike
0-1: Foul Ball, location: 2F
0-2: Strikes out looking
Batting: SHB Rick Turner 0-0: Foul Ball, location: 2F
0-1: Called Strike
0-2: Ball
1-2: Ball
2-2: Ball
3-2: Base on Balls
Batting: LHB Eugene Lee 0-0: Called Strike
0-1: Foul Ball, location: 2F
0-2: Strikes out swinging
Top of the 5th over - 0 run(s), 0 hit(s), 0 error(s), 1 left on base; Oliver Ames HS 2 - John Jay HS 0
BOTTOM OF THE 5TH
John Jay HS Patriots batting - Pitching for Oliver Ames HS Tigers : RHP Joe Bell
Batting: LHB Tim Griffith 0-0: SINGLE (Flyball, 8LS)
Batting: RHB Carlos Salas 0-0: Called Strike
0-1: Foul Ball, location: 2F
0-2: SINGLE (Line Drive, 78S)
Tim Griffith to second
Batting: RHB Larry Whitaker 0-0: Hit by Pitch
Tim Griffith to third
Carlos Salas to second
Batting: RHB Fernando Pérez 0-0: Called Strike
0-1: Fly out, F5 (Popup, 56)
Batting: RHB Micheal Banks 0-0: Foul Ball, location: 2F
0-1: Ball
1-1: Ball
2-1: Foul Ball, location: 2F
2-2: Fly out, F5 (Popup, 5SF)
Batting: SHB Barrett Bowden 0-0: Ball
1-0: Called Strike
1-1: DOUBLE (Flyball, 78M)
Tim Griffith scores
Carlos Salas scores
Larry Whitaker to third
Batting: RHB John Lynch 0-0: Swinging Strike
0-1: Ball
1-1: Ball
2-1: Foul Ball, location: 2F
2-2: Ground out 2-3 (Groundball, 23)
Bottom of the 5th over - 2 run(s), 3 hit(s), 0 error(s), 2 left on base; Oliver Ames HS 2 - John Jay HS 2
TOP OF THE 6TH
Oliver Ames HS Tigers batting - Pitching for John Jay HS Patriots : RHP Dusty Smith
Batting: RHB James Hunter 0-0: Ball
1-0: Foul Ball, location: 2F
1-1: Swinging Strike
1-2: Ball
2-2: Foul Ball, location: 2F
2-2: Foul Ball, location: 2F
2-2: Strikes out swinging
Batting: RHB Jon Anderson 0-0: Called Strike
0-1: Ground out 4-3 (Groundball, 4M)
Batting: RHB Adrián López 0-0: Ball
1-0: Foul Ball, location: 2F
1-1: Fly out, F7 (Flyball, 7LM)
Top of the 6th over - 0 run(s), 0 hit(s), 0 error(s), 0 left on base; Oliver Ames HS 2 - John Jay HS 2
BOTTOM OF THE 6TH
John Jay HS Patriots batting - Pitching for Oliver Ames HS Tigers : RHP Joe Bell
Pitching: RHP Jeff Hudson
Batting: SHB Theodore Cook 0-0: SINGLE (Groundball, 56)
Batting: RHB Henry Catron 0-0: Ball
1-0: Foul Ball, location: 2F
1-1: Swinging Strike
1-2: Strikes out swinging
Batting: LHB Tim Griffith 0-0: Ball
Theodore Cook is caught stealing 2nd base
1-0: Fly out, F5 (Popup, 5SF)
Bottom of the 6th over - 0 run(s), 1 hit(s), 0 error(s), 0 left on base; Oliver Ames HS 2 - John Jay HS 2
TOP OF THE 7TH
Oliver Ames HS Tigers batting - Pitching for John Jay HS Patriots : RHP Dusty Smith
Batting: RHB Rob Brady 0-0: Fly out, F3 (Popup, 3F)
Pitching: RHP Melvin Baker
Batting: RHB Donovan James 0-0: Swinging Strike
0-1: Swinging Strike
0-2: Strikes out swinging
Batting: RHB Jimmy King 0-0: Ground out 6-3 (Groundball, 6)
Top of the 7th over - 0 run(s), 0 hit(s), 0 error(s), 0 left on base; Oliver Ames HS 2 - John Jay HS 2
BOTTOM OF THE 7TH
John Jay HS Patriots batting - Pitching for Oliver Ames HS Tigers : RHP Jeff Hudson
Batting: RHB Carlos Salas 0-0: Ball
1-0: Called Strike
1-1: Ball
2-1: Ball
3-1: Foul Ball, location: 2F
3-2: Base on Balls
Batting: RHB Larry Whitaker 0-0: Sac Bunt - play at first, batter OUT! 1-4
Carlos Salas to second
Batting: RHB Fernando Pérez 0-0: Ground out 6-3 (Groundball, 6M)
Carlos Salas to third
Batting: RHB Micheal Banks 0-0: Called Strike
0-1: Swinging Strike
0-2: Ball
1-2: Ground out 5-3 (Groundball, 56)
Bottom of the 7th over - 0 run(s), 0 hit(s), 0 error(s), 1 left on base; Oliver Ames HS 2 - John Jay HS 2
TOP OF THE 8TH
Oliver Ames HS Tigers batting - Pitching for John Jay HS Patriots : RHP Melvin Baker
Batting: RHB Denver Baker 0-0: Ball
1-0: Called Strike
1-1: Foul Ball, location: 2F
1-2: Ball
2-2: Foul Ball, location: 2F
2-2: Ball
3-2: Base on Balls
Batting: SHB Rick Turner 0-0: Foul Ball, location: 2F
0-1: SINGLE (Line Drive, 56D)
Denver Baker to second
Batting: LHB Eugene Lee 0-0: Called Strike
0-1: Ball
1-1: Fly out, F3 (Popup, 3D)
Batting: RHB James Hunter 0-0: Ball
1-0: SINGLE (Line Drive, 34D)
Denver Baker to third
Rick Turner to second
Batting: RHB Jon Anderson 0-0: Called Strike
0-1: SINGLE (Flyball, 89S)
Denver Baker scores
Rick Turner to third
James Hunter to second
Batting: RHB Adrián López 0-0: Swinging Strike
0-1: Ball
1-1: Foul Ball, location: 2F
1-2: Ball
2-2: Ball
3-2: Foul Ball, location: 2F
3-2: Base on Balls
Rick Turner scores
James Hunter to third
Jon Anderson to second
Batting: RHB Rob Brady 0-0: Ball
1-0: Ball
2-0: Fly out, F4 (Popup, 4)
Batting: RHB Donovan James 0-0: Called Strike
0-1: Ball
1-1: SINGLE (Line Drive, 7LS)
James Hunter scores
Jon Anderson to third
Adrián López to second
Runner from 3rd tries for Home, SAFE, no throw or cutoff
Pitching: RHP Ken Harrell
Batting: RHB Jimmy King 0-0: Swinging Strike
0-1: Ball
1-1: Foul Ball, location: 2F
1-2: Ground out 4-3 (Groundball, 13)
Top of the 8th over - 4 run(s), 4 hit(s), 0 error(s), 2 left on base; Oliver Ames HS 6 - John Jay HS 2
BOTTOM OF THE 8TH
John Jay HS Patriots batting - Pitching for Oliver Ames HS Tigers : RHP Jeff Hudson
Pitching: RHP Dave Woods
Batting: SHB Barrett Bowden 0-0: SINGLE (Groundball, 4S)
Batting: RHB John Lynch 0-0: Fly out, F9 (Flyball, 9M)
Batting: SHB Theodore Cook 0-0: Ball
1-0: Ball
2-0: Called Strike
2-1: Foul Ball, location: 2F
2-2: Strikes out swinging
Batting: RHB Henry Catron 0-0: Foul Ball, location: 2F
0-1: Swinging Strike
0-2: Ball
1-2: Ball
2-2: Foul Ball, location: 2F
2-2: Ball
3-2: Foul Ball, location: 2F
3-2: Foul Ball, location: 2F
3-2: Fly out, F9 (Flyball, 9LM)
Bottom of the 8th over - 0 run(s), 1 hit(s), 0 error(s), 1 left on base; Oliver Ames HS 6 - John Jay HS 2
TOP OF THE 9TH
Oliver Ames HS Tigers batting - Pitching for John Jay HS Patriots : RHP Ken Harrell
Pitching: LHP Ernest Hutchinson
Batting: RHB Denver Baker 0-0: Foul Ball, location: 2F
0-1: Foul Ball, location: 2F
0-2: Strikes out swinging
Batting: SHB Rick Turner 0-0: Swinging Strike
0-1: Called Strike
0-2: Strikes out swinging
Batting: LHB Eugene Lee 0-0: SINGLE (Line Drive, 34)
Batting: RHB James Hunter 0-0: Called Strike
0-1: Fly out, F8 (Flyball, 8LD)
Top of the 9th over - 0 run(s), 1 hit(s), 0 error(s), 1 left on base; Oliver Ames HS 6 - John Jay HS 2
BOTTOM OF THE 9TH
John Jay HS Patriots batting - Pitching for Oliver Ames HS Tigers : RHP Dave Woods
Batting: LHB Tim Griffith 0-0: Ball
1-0: Foul Ball, location: 2F
1-1: Ball
2-1: Swinging Strike
2-2: Ball
3-2: Foul Ball, location: 2F
3-2: Foul Ball, location: 2F
3-2: Base on Balls
Batting: RHB Carlos Salas 0-0: Called Strike
0-1: 2-RUN HOME RUN (Line Drive, 7D), Distance : 383 ft
Pitching: RHP Miguel Padilla
Batting: RHB Larry Whitaker 0-0: Ball
1-0: Foul Ball, location: 2F
1-1: Ball
2-1: Ground out 4-3 (Groundball, 4M)
Batting: RHB Fernando Pérez 0-0: Called Strike
0-1: Ground out 1-6-3 (Groundball, 15S)
Batting: RHB Micheal Banks 0-0: Called Strike
0-1: Ball
1-1: Foul Ball, location: 2F
1-2: Ball
2-2: Ball
3-2: Foul Ball, location: 2F
3-2: Fly out, F6 (Popup, 6MD)
Bottom of the 9th over - 2 run(s), 1 hit(s), 0 error(s), 0 left on base; Oliver Ames HS 6 - John Jay HS 4
This league is powered by Out of the Park Baseball, the baseball management simulation game for PC, Mac and Linux
Wednesday, December 2nd, 2015 - OOTP Baseball 16.8 Build 38